 Dungeon Crawl Stone Soup version 0.29-a0-322-g68df515428 (webtiles) character file.

Game seed: 13369606720935312225

4587 EriolAelfwine the Cleaver (level 10, -3/92 HPs)
             Began as a Deep Dwarf Fighter on Apr 6, 2022.
             Was a Believer of Makhleb.
             Slain by a two-headed ogre
             ... wielding a +0 giant spiked club
              (17 damage)
             ... on level 9 of the Dungeon.
             The game lasted 00:19:56 (6554 turns).

EriolAelfwine the Cleaver (Deep Dwarf Fighter)      Turns: 6554, Time: 00:19:56

Health: -3/92      AC: 19    Str: 23    XL:     10   Next: 18%
Magic:  7/7        EV:  5    Int: 10    God:    Makhleb [**....]
Gold:   496        SH: 10    Dex: 12    Spells: 9/9 levels left

rFire   + . .      SeeInvis .   a - +0 war axe
rCold   . . .      Faith    .   Q - +0 kite shield
rNeg    . . .      Spirit   .   P - +0 plate armour
rPois   .          Reflect  .   E - +2 hat
rElec   .          Harm     .   N - +1 cloak
rCorr   +          Rampage  .   (no gloves)
Will    +....                   L - +0 pair of boots
Stlth   ..........              (no amulet)
HPRegen 0.00/turn               l - ring of protection from fire
MPRegen 0.10/turn               F - ring of resist corrosion

@: no status effects
A: damage resistance, heal wounds, sense surroundings 2, no regeneration
a: Heal Wounds, Renounce Religion, Minor Destruction


You were on level 9 of the Dungeon.
You worshipped Makhleb.
Makhleb was pleased with you.
You visited 2 branches of the dungeon, and saw 10 of its levels.

You collected 496 gold pieces.

Inventory:

Hand Weapons
 a - a +0 war axe (weapon)
 M - a +2 flail
Armour
 E - a +2 hat (worn)
 L - a +0 pair of boots (worn)
 N - a +1 cloak (worn)
 P - a +0 plate armour (worn)
 Q - a +0 kite shield (worn)
Jewellery
 l - a ring of protection from fire (left hand)
 z - a ring of wizardry
 F - a ring of resist corrosion (right hand)
 G - a ring of flight
Wands
 m - a wand of iceblast (6)
 o - a wand of flame (12)
 q - a wand of acid (8)
 u - a wand of paralysis (13)
 D - a wand of mindburst (14)
Scrolls
 b - 5 scrolls of noise {unknown}
 e - 2 scrolls of teleportation {unknown}
 i - 3 scrolls of amnesia {unknown}
 k - a scroll of magic mapping {unknown}
 n - 2 scrolls of enchant armour {unknown}
 p - a scroll of identify
 r - a scroll of enchant weapon {unknown}
 t - 2 scrolls of holy word {unknown}
 v - a scroll of fog {unknown}
 y - a scroll of brand weapon {unknown}
 B - a scroll of blinking {unknown}
 H - 2 scrolls of immolation {unknown}
 I - 2 scrolls of silence {unknown}
 J - 2 scrolls of vulnerability {unknown}
 O - a scroll of fear {unknown}
Potions
 d - 2 potions of might
 f - 2 potions of ambrosia
 g - 8 potions of curing
 h - a potion of berserk rage
 j - 5 potions of haste
 s - 2 potions of magic
 w - 2 potions of attraction
 x - a potion of invisibility {unknown}
 A - 2 potions of flight
 C - a potion of lignification
 K - 3 potions of heal wounds {unknown}


   Skills:
 + Level 6.4 Fighting
 * Level 10.2 Axes
 + Level 7.6 Armour
 + Level 7.6 Shields
 - Level 6.0 Invocations


You had 9 spell levels left.
You didn't know any spells.
Your spell library contained the following spells:

 Spells                   Type           Power      Damage    Failure   Level
 Animate Skeleton         Necr           0%         N/A       100%        1
 Pain                     Necr           0%         1d4       100%        1
 Static Discharge         Conj/Air       0%         N/A       100%        2
 Vampiric Draining        Necr           0%         2d6       100%        3
 Airstrike                Air            0%         N/A       100%        4
 Dispel Undead            Necr           0%         3d6       100%        4
 Sticky Flame             Conj/Fire      0%         2d3       100%        4
 Summon Lightning Spire   Summ/Air       0%         N/A       100%        4
 Lightning Bolt           Conj/Air       0%         1d11      100%        5
 Chain Lightning          Conj/Air       0%         N/A       100%        9
 Fire Storm               Conj/Fire      0%         5d1       100%        9
 Shatter                  Erth           0%         3d5*      100%        9


Dungeon Overview and Level Annotations

Branches:
Dungeon (9/15)             Temple (1/1) D:4
   Lair: D:8-11         Orc: D:9-12

Altars:
Cheibriados
Elyvilon
Fedhas
Gozag
Hepliaklqana
Kikubaaqudgha
Makhleb
Nemelex Xobeh
Okawaru
Qazlal
Ru
Sif Muna
Trog
Uskayaw
Vehumet
Wu Jian
Yredelemnul
Zin
The Shining One

Shops:
D:5 !


Innate Abilities, Weirdness & Mutations

You are resistant to damage.
You can heal yourself by infusing magical energy.
You passively map the area around you.
You do not regenerate.


Message History

The bolt of acid hits the two-headed ogre!
The two-headed ogre is lightly wounded.
You barely miss the two-headed ogre.
The two-headed ogre is lightly wounded.
The two-headed ogre hits you with a +0 giant spiked club!
The two-headed ogre hits you but does no damage.
You hit the two-headed ogre.
The two-headed ogre is moderately wounded.
The two-headed ogre hits you with a +0 giant spiked club!!
* * * LOW HITPOINT WARNING * * *
You block the two-headed ogre's attack.
You barely miss the two-headed ogre.
The two-headed ogre is moderately wounded.
The two-headed ogre hits you with a +0 giant spiked club!
* * * LOW HITPOINT WARNING * * *
The two-headed ogre hits you with a +0 giant club!
* * * LOW HITPOINT WARNING * * *
You hit the two-headed ogre.
The two-headed ogre is moderately wounded.
You fail to use your ability.
The two-headed ogre barely misses you.
The two-headed ogre hits you with a +0 giant club.
* * * LOW HITPOINT WARNING * * *
You slash the two-headed ogre!
The two-headed ogre is heavily wounded.
You block the two-headed ogre's attack. x2
Your magical essence is drained by the effort!
You feel much better.
You slash the two-headed ogre!
The two-headed ogre is severely wounded.
The two-headed ogre hits you with a +0 giant spiked club!
The two-headed ogre hits you with a +0 giant club.
You hit the two-headed ogre.
The two-headed ogre is severely wounded.
The two-headed ogre hits you with a +0 giant spiked club!!
* * * LOW HITPOINT WARNING * * *
The two-headed ogre barely misses you.
You hit the two-headed ogre but do no damage.
The two-headed ogre is severely wounded.
The two-headed ogre hits you with a +0 giant spiked club!!
You die...

............####....#
##.....##............
###...######.........
#....#* ##..##..#.*
#.##.. * ##..# ..# ,#
#.* *#. #..## ..##.##
* * #..##.## ...)..#
,* #....####O.....# #
###.....#.@...#,* #
...........###...#
......####### .#
*...#.. * * .#*### ,
* * * ** , ,


You could see a two-headed ogre.

Vanquished Creatures
  A kobold demonologist (D:7)
  6 yaks (D:8)
  2 water moccasins
  3 orc warriors
  3 sky beasts
  3 black bears
  2 ice beasts
  2 centaurs
  A kobold brigand (D:8)
  4 scorpions
  2 bullfrogs
  2 necrophages (D:6)
  15 wights (D:7)
  6 orc priests
  A gnoll shaman (D:9)
  Ijyb (D:3)
  4 iguanas
  7 orc wizards
  9 adders
  6 gnolls
  A shadow imp (D:8)
  A white imp (D:6)
  An ufetubus (D:6)
  A worm (D:2)
  2 dart slugs (D:1)
  22 orcs
  5 endoplasms
  3 giant cockroaches
  11 goblins
  6 hobgoblins
  3 jackals (D:1)
  3 quokkas
  5 ball pythons
  9 bats
  5 frilled lizards
  9 kobolds
  7 rats
174 creatures vanquished.

Notes
Turn   | Place    | Note
-------+----------+-------------------------------------------
     0 | D:1      | EriolAelfwine the Deep Dwarf Fighter began the quest for
                  | the Orb.
     0 | D:1      | Reached XP level 1. HP: 20/20 MP: 1/1
   154 | D:1      | Reached XP level 2. HP: 25/27 MP: 1/1
   248 | D:1      | Reached skill level 3 in Axes
   295 | D:1      | Reached XP level 3. HP: 25/33 MP: 2/2
   571 | D:2      | Found a faded altar of an unknown god.
  1094 | D:3      | Noticed Ijyb
  1115 | D:3      | Killed Ijyb
  1116 | D:3      | Reached XP level 4. HP: 29/42 MP: 3/3
  1214 | D:3      | Reached skill level 4 in Axes
  1278 | D:3      | Reached XP level 5. HP: 31/49 MP: 3/3
  1348 | D:3      | Found an opulent altar of Gozag.
  1544 | D:3      | Found a faded altar of an unknown god.
  1549 | D:3      | Found a basalt altar of Yredelemnul.
  1891 | D:4      | Found an ornate altar of the Wu Jian Council.
  1903 | D:4      | Found a hide-covered altar of Uskayaw.
  2096 | D:4      | Found a staircase to the Ecumenical Temple.
  2108 | D:4      | HP: 2/49 [iguana (9)]
  2116 | Temple   | Entered the Ecumenical Temple
  2317 | Temple   | Became a worshipper of Makhleb the Destroyer
  2457 | D:4      | Reached XP level 6. HP: 34/57 MP: 4/4
  2702 | D:5      | Entered Level 5 of the Dungeon
  2756 | D:5      | Reached skill level 5 in Axes
  2847 | D:4      | Reached XP level 7. HP: 26/64 MP: 5/5
  2887 | D:4      | Reached skill level 5 in Armour
  2887 | D:4      | Reached skill level 5 in Shields
  2903 | D:5      | Reached skill level 6 in Axes
  2968 | D:5      | Found a blossoming altar of Fedhas.
  2978 | D:5      | Found Aqioleal's Distillery.
  3059 | D:5      | Reached XP level 8. HP: 44/73 MP: 6/6
  3074 | D:5      | Reached * piety under Makhleb
  3462 | D:6      | Reached skill level 7 in Axes
  3495 | D:6      | Reached skill level 1 in Invocations
  3861 | D:6      | Reached skill level 5 in Fighting
  4014 | D:6      | Found a glowing golden altar of the Shining One.
  4507 | D:7      | Reached skill level 8 in Axes
  4519 | D:7      | Noticed a kobold demonologist
  4538 | D:7      | Killed a kobold demonologist
  4539 | D:7      | Gained mutation: You passively map the area around you.
                  | [Deep Dwarf growth]
  4539 | D:7      | Reached XP level 9. HP: 61/81 MP: 9/9
  4708 | D:7      | Found a hazy altar of Hepliaklqana.
  4823 | D:7      | Found a stormy altar of Qazlal.
  5009 | D:7      | Reached skill level 9 in Axes
  5012 | D:7      | Reached ** piety under Makhleb
  5449 | D:8      | Reached skill level 5 in Invocations
  5659 | D:8      | Reached XP level 10. HP: 42/91 MP: 8/8
  5668 | D:8      | Reached skill level 10 in Axes
  6337 | D:9      | Found an ancient bone altar of Kikubaaqudgha.
  6543 | D:9      | Noticed a two-headed ogre
  6554 | D:9      | Slain by a two-headed ogre

Illustrated notes

Levels and vault maps discovered:
D:1:      minmay_arrival_three_doors, layout_rooms,
          chequers_serial_rivers_marsh, ebering_dispersal_statue_hall
D:2:      layout_loops_ring, hellmonk_ecumenical_altar_arch_garden,
          minmay_tall_x
D:3:      layout_loops_ring, nicolae_overflow_ecumenical_swirl,
          mainiacjoe_overflow_chevrons, uniq_ijyb
D:4:      layout_basic, chequers_temple_overflow_statue_of_worship,
          minmay_temple_entry_tees
D:5:      layout_cave_pools, mainiacjoe_overflow_surrounded_room, serial_shops,
          kennysheep_little_box, minmay_circle_x
D:6:      layout_cave_pods, tso_altar, water_maze_lemuel
D:7:      layout_loops_cross, mainiacjoe_overflow_paths,
          nicolae_qazlal_style_of_elements, dk_noncrumbling_2
D:8:      layout_basic, serial_curves, eino_curves_01, eino_curves_03,
          eino_curves_01, eino_curves_03
D:9:      layout_layer_cave, mainiacjoe_overflow_alcove_2, xom_redecorated
Temple:   dpeg_chambers_temple

Skill      XL: |  1  2  3  4  5  6  7  8  9 10 |
---------------+-------------------------------+-----
Axes           | 3 4 5 6 8 9 10 | 10.2
Fighting       | 3 4 5 6 |  6.4
Armour         | 4 5 6 7 |  7.6
Shields        | 4 5 6 7 |  7.6
Invocations    | 3 5 6 |  6.0

Action                   |  1- 3 |  4- 6 |  7- 9 | 10-12 || total
-------------------------+-------+-------+-------+-------++-------
Melee: War axe           |   161 |   165 |   367 |    86 ||   779
 Abil: Heal Wounds       |     2 |     7 |    20 |     3 ||    32
Evoke: Wand              |       |       |       |     1 ||     1
  Use: Scroll            |       |     4 |     4 |       ||     8
Armor: Scale mail        |    85 |    31 |       |       ||   116
       Chain mail        |       |    57 |   178 |    26 ||   261
       Plate armour      |       |       |       |    16 ||    16
Dodge: Dodged            |    81 |    60 |   141 |    18 ||   300
Block: Buckler           |    40 |    59 |   100 |    15 ||   214
       Kite shield       |       |       |       |     3 ||     3

Table legend: (Time is in decaauts)
 A = Elapsed time spent in this place.
 B = Non-inter-level travel time spent in this place.
 C = Inter-level travel time spent in this place.
 D = Time resting spent in this place.
 E = Time spent auto-exploring this place.
 F = Levels seen in this place.
 G = Mean time per level.
                   A        B        C        D        E       F      G
               +--------+--------+--------+--------+--------+-----+--------+
         Total |   6738 |   6387 |    351 |      0 |   4505 |  10 |  673.8 |
       Dungeon |   6488 |   6163 |    325 |      0 |   4306 |   9 |  720.9 |
        Temple |    249 |    223 |     26 |      0 |    199 |   1 |  249.0 |
               +--------+--------+--------+--------+--------+-----+--------+

Top non-repeatable levels by time:
     D:8: 1011 daAuts
     D:7: 960 daAuts
     D:6: 941 daAuts
     D:3: 843 daAuts
     D:4: 729 daAuts
     D:5: 583 daAuts
     D:2: 576 daAuts
     D:1: 566 daAuts
     D:9: 276 daAuts
  Temple: 249 daAuts
